 Dungeon Crawl Stone Soup version 0.26-a0-572-g753d7e3450 (webtiles) character file.

Game seed: 14641975319779025319

55 ANON1729 the Poker (level 3, -4/28 HPs)
             Began as a Merfolk Gladiator on Aug 21, 2020.
             Killed from afar by Sigmund (5 damage)
             ... with a magic dart
             ... on level 3 of the Dungeon.
             The game lasted 00:01:46 (888 turns).

ANON1729 the Poker (Merfolk Gladiator)               Turns: 888, Time: 00:01:47

Health: -4/28      AC:  6    Str: 12 (15) XL:     3   Next: 93%
Magic:  3/3        EV: 14    Int:  5 (7)  God:
Gold:   108        SH:  0    Dex: 13 (15) Spells: 2/2 levels left

rFire    . . .     SeeInvis .   a - +0 trident
rCold    . . .     Faith    .   (no shield)
rNeg     . . .     Spirit   .   b - +0 leather armour
rPois    .         Reflect  .   c - +0 helmet
rElec    .         Harm     .   p - +1 cloak
rCorr    .                      (no gloves)
MR       .....                  (no boots)
Stlth    +.........             (no amulet)
HPRegen  0.09/turn              (no ring)
MPRegen  0.08/turn              (no ring)

@: no status effects
A: change form in water, swift swim, stealthy swim
a: no special abilities


You were on level 3 of the Dungeon.
You visited 1 branch of the dungeon, and saw 3 of its levels.

You collected 108 gold pieces.

Inventory:

Hand Weapons
 a - a +0 trident (weapon)
Missiles
 d - 3 throwing nets (quivered)
Armour
 b - a +0 leather armour (worn)
 c - a +0 helmet (worn)
 p - a +1 cloak (worn)
Jewellery
 l - an uncursed amulet of guardian spirit {unknown}
 s - a cursed amulet of inaccuracy {unknown}
Wands
 o - a wand of random effects (10)
Scrolls
 g - 5 scrolls of identify {unknown}
 n - a scroll of remove curse {unknown}
 q - a scroll of random uselessness {unknown}
Potions
 f - a potion of cancellation {unknown}
 h - a potion of degeneration
 i - a potion of brilliance {unknown}
 j - a potion of berserk rage {unknown}
 k - 2 potions of haste {unknown}
 m - 4 potions of mutation {unknown}
 r - a potion of magic {unknown}


   Skills:
 + Level 2.9 Fighting
 + Level 5.1 Polearms
 + Level 2.6 Throwing
 + Level 4.6 Dodging


You had 2 spell levels left.
You didn't know any spells.
Your spell library was empty.

Dungeon Overview and Level Annotations

Branches:
Dungeon (3/15)

Altars:
Gozag

Annotations:
D:3 Sigmund


Message History

Something hits you!
* * * LOW HITPOINT WARNING * * *
Things that are here:
a +0 dagger; 6 poisoned darts; a kobold corpse It was a potion of curing.
You feel better.
You hear some strange, mumbled words.
You are confused.
You feel better.
You hear some strange, mumbled words.
You are confused.
You feel better. Something hits you!!
Ouch! That really hurt!
* * * LOW HITPOINT WARNING * * *
It was a potion of degeneration.
There was something very wrong with that liquid.
You feel weakened.
You feel dopey.
You feel clumsy.
You hear some strange, mumbled words.
A magic dart appears from out of thin air!
The magic dart hits you.
You die...

#. #.# #. #.# #.
#o# # #. #.# #.#.
#.#
#.#.#######.######
#..#o(.(...........
#{###.###......#.
#@#.....######...
#.#.#...# .#
#...#.#...
###.#....## ......#
#.. .# #.# .# #


You could see an orc.

Vanquished Creatures
  Terence (D:2)
  An ooze (D:1)
  A leopard gecko (D:1)
  3 goblins
  3 hobgoblins
  5 kobolds
  7 bats
  A frilled lizard (D:1)
  4 rats
26 creatures vanquished.

Notes
Turn   | Place    | Note
-------+----------+-------------------------------------------
     0 | D:1      | ANON1729 the Merfolk Gladiator began the quest for the Orb.
     0 | D:1      | Reached XP level 1. HP: 16/16 MP: 1/1
    59 | D:1      | Reached XP level 2. HP: 21/23 MP: 2/2
   369 | D:2      | Noticed Terence
   370 | D:2      | Reached XP level 3. HP: 27/28 MP: 3/3
   392 | D:2      | Killed Terence
   392 | D:2      | Reached skill level 5 in Polearms
   774 | D:3      | Found an opulent altar of Gozag.
   830 | D:3      | Noticed Sigmund
   887 | D:3      | HP: 1/28 [something (22)]
   888 | D:3      | Killed from afar by Sigmund

Illustrated notes

Levels and vault maps discovered:
D:1:      tarquinn_simple_flora_water_f, layout_rooms
D:2:      layout_rooms, minmay_misc_feat_cross, uniq_terence
D:3:      cheibrodos_thug_alley, layout_loops_ring, okawaru_metal_pillars_1_2,
          nicolae_gozag_seed_capital, kiku_gazebo_pond_becter, uniq_sigmund

Skill      XL: |  1  2  3 |
---------------+----------+-----
Polearms       | 5 |  5.1
Fighting       | |  2.9
Throwing       | |  2.6
Dodging        | |  4.6

Action                   || total
-------------------------++-------
Melee: Trident           ||    96
Evoke: Wand              ||     4
  Use: Potion            ||     4
Armor: Leather armour    ||    28
Dodge: Dodged            ||    77

Table legend: (Time is in decaauts)
 A = Elapsed time spent in this place.
 B = Non-inter-level travel time spent in this place.
 C = Inter-level travel time spent in this place.
 D = Time resting spent in this place.
 E = Time spent auto-exploring this place.
 F = Levels seen in this place.
 G = Mean time per level.
                   A        B        C        D        E       F      G
               +--------+--------+--------+--------+--------+-----+--------+
         Total |    892 |    860 |     32 |      0 |    623 |   3 |  297.3 |
       Dungeon |    892 |    860 |     32 |      0 |    623 |   3 |  297.3 |
               +--------+--------+--------+--------+--------+-----+--------+

Top non-repeatable levels by time:
     D:2: 367 daAuts
     D:1: 362 daAuts
     D:3: 162 daAuts
